 Dungeon Crawl Stone Soup version 0.25.1-1-g288607f (webtiles) character file.

Game seed: 15188928352346544240

29 Jonnyslop the Sneak (level 3, -3/16 HPs)
             Began as a Spriggan Enchanter on Nov 19, 2020.
             Slain by a bullfrog zombie (4 damage)
             ... on level 2 of the Dungeon.
             The game lasted 00:03:00 (1520 turns).

Jonnyslop the Sneak (Spriggan Enchanter)            Turns: 1520, Time: 00:03:01

Health: -3/16      AC:  2    Str:  4    XL:     3   Next: 1%
Magic:  5/8        EV: 18    Int: 17    God:
Gold:   77         SH:  0    Dex: 16    Spells: 2/8 levels left

rFire    . . .     SeeInvis +   a - +1 dagger
rCold    . . .     Gourm    .   (shield restricted)
rNeg     . . .     Faith    .   b - +0 robe
rPois    .         Spirit   .   (helmet restricted)
rElec    .         Reflect  .   (no cloak)
rCorr    .         Harm     .   (gloves unavailable)
MR       .....                  (boots unavailable)
Stlth    +++.......             c - amulet of the acrobat
HPRegen  0.05/turn              (no ring)
MPRegen  0.11/turn              (no ring)

@: confusing touch, very quick
A: very small, unfitting armour, see invisible, herbivore, speed 3, slow
metabolism 2
a: no special abilities


You were on level 2 of the Dungeon.
You were not hungry.

You visited 1 branch of the dungeon, and saw 2 of its levels.

You collected 77 gold pieces.

Inventory:

Hand Weapons
 a - a +1 dagger (weapon)
Armour
 b - a +0 robe (worn)
Jewellery
 c - an amulet of the acrobat (around neck)
Scrolls
 e - 2 scrolls of remove curse {unknown}
 f - a scroll of identify {unknown}
Potions
 g - a potion of curing {unknown}
Comestibles
 d - 2 rations


   Skills:
 * Level 2.4 Short Blades
 - Level 3.0 Dodging
 - Level 4.4 Stealth
 + Level 3.2 Spellcasting
 + Level 4.0 Hexes


You had 2 spell levels left.
You knew the following spells:

 Your Spells              Type           Power        Failure   Level  Hunger
a - Ensorcelled Hibernat  Hex/Ice        #.....       12%         2    ##.....
b - Corona                Hex            ###....      3%          1    None
c - Confusing Touch       Hex            ###.....     10%         3    ###....

Your spell library contained the following spells:

 Spells                   Type           Power        Failure   Level  Hunger
 Tukima's Dance           Hex            ###.....     10%         3    ###....
 Dazzling Flash           Conj/Hex       #.....       22%         3    ###....


Dungeon Overview and Level Annotations

Branches:
Dungeon (2/15)

Altars:


Innate Abilities, Weirdness & Mutations

You are very small and have problems with some larger weapons.
You are too small for most types of armour.
You have supernaturally acute eyesight. (SInv)
You are a herbivore.
You cover ground extremely quickly.
You need to consume almost no food.


Message History

This spell is extremely dangerous to cast!
Memorise Confusing Touch, consuming 3 spell levels and leaving 2?
You start memorising the spell.
You continue memorising. x3
You finish memorising.
Spell assigned to 'c'.
Okay, then.
Casting: Ensorcelled Hibernation (safe; 12% risk of failure)
Confirm with . or Enter, or press ? or * to list all spells.
The spell is extremely dangerous to cast (10% risk of failure)!
Continue anyway?
Your hands begin to glow red.
You climb downwards.
The bullfrog zombie hits you. x2
There is a stone staircase leading up here.
You are too injured to fight recklessly!
You hit the bullfrog zombie but do no damage.
The bullfrog zombie is lightly damaged.
The bullfrog zombie hits you.
* * * LOW HITPOINT WARNING * * *
You hit the bullfrog zombie but do no damage.
The bullfrog zombie is lightly damaged.
The bullfrog zombie hits you.
You die...

..> #..#..# #.###
#........ .. ....
#.##...###..#......
.......
#.####.....#...#...
>..
...##.####...###......
...
..#..........##...#
#.# #..(#######....#
#.# #...# ##.......#
#.#####.[.###..Z@###.#
...........<...### #.#
#.############.# #.#
.......#####...# #..
.#####.....#.#### #..
.# #####......#. ....
.# ###..#....##... .#
#####...............
.####........#######


You could see a bullfrog zombie.

Vanquished Creatures
  A leopard gecko (D:1)
  A ball python (D:1)
  3 bats (D:1)
  A giant cockroach (D:1)
  3 hobgoblins (D:1)
  3 jackals (D:1)
  4 kobolds (D:1)
  A frilled lizard (D:1)
  5 goblins (D:1)
  3 rats (D:1)
25 creatures vanquished.

Notes
Turn   | Place    | Note
-------+----------+-------------------------------------------
     0 | D:1      | Jonnyslop the Spriggan Enchanter began the quest for the
                  | Orb.
     0 | D:1      | Reached XP level 1. HP: 9/9 MP: 5/5
   301 | D:1      | Reached XP level 2. HP: 13/13 MP: 6/6
   307 | D:1      | Learned a level 2 spell: Ensorcelled Hibernation
  1258 | D:1      | Reached XP level 3. HP: 16/16 MP: 5/8
  1516 | D:1      | Learned a level 3 spell: Confusing Touch
  1520 | D:2      | Slain by a bullfrog zombie

Illustrated notes

Levels and vault maps discovered:
D:1:      erik_arrival_orb_chamber, layout_loops_ring
D:2:      layout_rooms, eat_drink_and_be_merry_uskayaw, grunt_gozag_statues,
          lemuel_coloured_pillars_altar, first_ration

Skill      XL: |  1  2 |
---------------+-------+-----
Spellcasting   | 3 |  3.2
Short Blades   | 2 |  2.4
Hexes          | 4 |  4.0
Dodging        | |  3.0
Stealth        | |  4.4

Action                   || total
-------------------------++-------
Melee: Dagger            ||    75
 Cast: Ensorcelled Hiber ||    17
       Confusing Touch   ||     1
 Stab: Sleeping          ||    19
Armor: Robe              ||     1
Dodge: Dodged            ||    63
